 Dungeon Crawl Stone Soup version 0.29-a0-284-gf9362112df (webtiles) character file.

Game seed: 10936554745500331204

11769 siradein the Fighter (level 11, -5/101 HPs)
             Began as a Pale Draconian Fighter on Mar 25, 2022.
             Was a Believer of Ru.
             Slain by a freezing wraith (17 damage)
             ... on level 10 of the Dungeon on Mar 26, 2022.
             The game lasted 00:33:35 (13618 turns).

siradein the Fighter (Pale Draconian Fighter)      Turns: 13618, Time: 00:33:35

Health: -5/101     AC:  9    Str: 18    XL:     11   Next: 53%
Magic:  11/11      EV: 17    Int:  9    God:    Ru [**....]
Gold:   460        SH: 13    Dex: 21    Spells: 10/10 levels left

rFire   . . .      SeeInvis .   v - +3 flail (protect)
rCold   . . .      Faith    .   b - +0 kite shield
rNeg    + + .      Spirit   .   (body armour unavailable)
rPois   .          Reflect  .   (helmet restricted)
rElec   .          Harm     .   (no cloak)
rCorr   .          Rampage  .   i - +0 pair of gloves
Will    .....                   h - +0 pair of boots
Stlth   ++........              D - macabre finger necklace {rN+}
HPRegen 0.26/turn               m - +6 ring of dexterity
MPRegen 0.12/turn               g - ring of positive energy
                                (no ring)

@: short of breath, slowed, very slow
A: breathe steam, AC +7, unfitting armour, cold-blooded, hated by all, no fire
magic, no hexes magic, no translocations magic, steam resistance
a: Breathe Steam, Renounce Religion


You were on level 10 of the Dungeon.
You worshipped Ru.
Ru was pleased with you.
You visited 2 branches of the dungeon, and saw 12 of its levels.

You collected 788 gold pieces.
You spent 328 gold pieces at shops.

Inventory:

Hand Weapons
 v - a +3 flail of protection (weapon)
 y - a +0 whip of freezing
 z - the +5 falchion "Roraus" {freeze, rF+ Str+3}
   (You found it on level 8 of the Dungeon)

   It freezes those it strikes, dealing additional cold damage.
   It can also slow down cold-blooded creatures.
   Str:       It affects your strength (+3).
   rF:        It protects you from fire.
Missiles
 l - 28 poisoned darts (quivered)
 o - 307 stones
Armour
 b - a +0 kite shield (worn)
 h - a +0 pair of boots (worn)
 i - a +0 pair of gloves (worn)
Jewellery
 g - a ring of positive energy (right hand)
 m - a +6 ring of dexterity (left hand)
 D - the macabre finger necklace (around neck) {rN+}
   (You found it on level 9 of the Dungeon)

   [amulet of nothing]

   It enables you to equip an extra ring.
   rN:        It protects you from negative energy.
 F - the ring "Gayry" {Ice rPois Str+6}
   (You found it on level 9 of the Dungeon)

   [ring of ice]

   It enhances your ice magic.
   Str:       It affects your strength (+6).
   rF:        It makes you vulnerable to fire.
   rC:        It protects you from cold.
   rPois:     It protects you from poison.
 N - a ring of flight
Wands
 B - a wand of flame (14)
 G - a wand of acid (5)
 I - a wand of digging (3)
 J - a wand of iceblast (3)
 P - a wand of mindburst (3)
Scrolls
 a - 2 scrolls of fear
 j - 2 scrolls of enchant weapon
 n - 3 scrolls of amnesia
 p - 2 scrolls of fog {unknown}
 q - a scroll of blinking {unknown}
 r - a scroll of torment {unknown}
 t - a scroll of brand weapon {unknown}
 A - a scroll of silence {unknown}
 C - a scroll of magic mapping {unknown}
 L - 2 scrolls of enchant armour {unknown}
 O - a scroll of vulnerability {unknown}
 Q - a scroll of teleportation
Potions
 c - a potion of might
 d - 2 potions of heal wounds
 e - 2 potions of haste
 f - 2 potions of cancellation
 k - 3 potions of curing
 s - 2 potions of lignification {unknown}
 u - a potion of berserk rage {unknown}
 w - a potion of magic {unknown}
 x - 3 potions of mutation
 E - a potion of resistance
 H - 2 potions of attraction {unknown}
 K - a potion of flight {unknown}
 M - a potion of ambrosia {unknown}


   Skills:
 + Level 10.6 Fighting
 + Level 9.4 Maces & Flails
 + Level 8.9 Dodging
 + Level 9.7 Shields
 + Level 3.1 Evocations


You had 10 spell levels left.
You didn't know any spells.
Your spell library contained the following spells:

 Spells                   Type           Power      Damage    Failure   Level
 Sublimation of Blood     Necr           0%         N/A       80%         2
 Wereblood                Tmut           0%         N/A       80%         2
 Petrify                  Tmut/Erth      0%         N/A       100%        4
 Irradiate                Conj/Tmut      0%         3d13      100%        5
 Summon Hydra             Summ           Unusable   N/A       N/A         7

Dungeon Overview and Level Annotations

Branches:
Dungeon (11/15)            Temple (1/1) D:6            Lair (0/6) D:9
    Orc (0/2) D:10

Altars:
Ashenzari
Cheibriados
Dithmenos
Elyvilon
Fedhas
Gozag
Hepliaklqana
Kikubaaqudgha
Makhleb
Nemelex Xobeh
Okawaru
Qazlal
Ru
Sif Muna
Trog
Uskayaw
Vehumet
Wu Jian
Xom
Yredelemnul
Zin
The Shining One

Shops:
D:9 **?!(   D:11 [


Innate Abilities, Weirdness & Mutations

You can breathe blasts of scalding, opaque steam.
Your pale cyan-grey scales are hard. (AC +7)
You cannot fit into any form of body armour.
You are cold-blooded and may be slowed by cold attacks.
You are hated by all.
You cannot study or cast Fire magic.
You cannot study or cast Hexes magic.
You cannot study or cast Translocations magic.
You are immune to the effects of steam.


Message History

a +0 giant club; a +0 giant spiked club
Aiming: Breathe Steam (1% risk of failure)
Press: ? - help, Shift-Dir - straight line, f - freezing wraith
Aim: a freezing wraith (74% to hit)
You exhale a blast of scalding steam.
The ball of steam hits the freezing wraith.
The freezing wraith is lightly damaged.
The freezing wraith is engulfed in a cloud of scalding steam.
The freezing wraith barely misses you. You block the freezing wraith's attack.
You barely miss the freezing wraith.
The freezing wraith is lightly damaged.
The two-headed ogre is engulfed in a cloud of scalding steam.
The freezing wraith is engulfed in a cloud of scalding steam.
The freezing wraith hits you! The freezing wraith freezes you!
You block the freezing wraith's attack.
Unknown command.
You are too injured to fight recklessly!
You hit the freezing wraith but do no damage.
Your weapon exudes an aura of protection.
The freezing wraith is heavily damaged.
The two-headed ogre is engulfed in a cloud of scalding steam.
The freezing wraith hits you. The freezing wraith freezes you!!
You feel yourself slow down.
* * * LOW HITPOINT WARNING * * *
You block the freezing wraith's attack.
The freezing wraith hits you but does no damage.
The freezing wraith barely misses you.
The boulder beetle curls into a ball and begins rolling!
You climb upwards.
You feel yourself speed up.
There is a stone staircase leading down here.
You barely miss the freezing wraith.
The freezing wraith is heavily damaged.
You block the freezing wraith's attack. x2
Unknown command.
The freezing wraith attacks as you move away!
The freezing wraith hits you.
* * * LOW HITPOINT WARNING * * *
The freezing wraith freezes you!
You feel yourself slow down.
You die...

#...............#
##.####.#.######.#
#########...###.#.## #.#
.......#.....##>...#####.#
#.####................##.# ..#
#.......##........#.########
#.####.[#...##...#.[......#......
#.......)[.............#..#.#####
#..###..##.###..@.....[[....#####
..#.##..##.###..#W#..###.........
.#.#.................# #.########
#.#.###.##.####.#.##.###.........
.#.####.##...............#####...
#.......#####.##########.# #...)
#.####### #.# #.# #.... #.# #.#
#.# #.#.. #.# #.# #.####.##.


You could see a freezing wraith.

Vanquished Creatures
  An ogre mage (D:11)
  3 two-headed ogres
  A tengu warrior (D:10)
  Pikel (D:7)
  A cyclops (D:11)
  A gargoyle (D:10)
  A yaktaur (D:11)
  An unseen horror (D:11)
  A komodo dragon (D:11)
  Maggie (D:7)
  A troll (D:10)
  A vampire (D:9)
  11 yaks
  A steam dragon (D:9)
  A vampire mosquito (D:11)
  Menkaure (D:5)
  Edmund (D:3)
  2 acid dragons
  4 water moccasins
  2 orc warriors
  2 ice beasts
  3 sky beasts
  5 black bears
  8 centaurs
  An ogre (D:5)
  4 kobold brigands
  2 bullfrogs
  A gnoll sergeant (D:9)
  6 scorpions
  4 killer bees (D:9)
  A howler monkey (D:6)
  3 orc priests
  A hound (D:6)
  A jelly (D:4)
  6 iguanas
  7 orc wizards
  8 gnolls
  9 adders
  A shadow imp (D:5)
  2 white imps
  An ufetubus (D:6)
  A worm (D:2)
  3 dart slugs
  30 orcs
  3 ball pythons
  6 endoplasms
  5 giant cockroaches
  6 goblins
  6 hobgoblins
  4 jackals (D:4)
  2 quokkas
  2 bats
  3 frilled lizards
  12 kobolds
  2 rats
198 creatures vanquished.

Vanquished Creatures (others)
  A water elemental (D:11)
  A quokka (D:1)
  7 bushes (D:10)
  5 fungi (D:9)
  5 plants (D:9)
19 creatures vanquished.

Grand Total: 217 creatures vanquished

Notes
Turn   | Place    | Note
-------+----------+-------------------------------------------
     0 | D:1      | siradein the Draconian Fighter began the quest for the Orb.
     0 | D:1      | Reached XP level 1. HP: 19/19 MP: 1/1
   272 | D:1      | Reached XP level 2. HP: 25/26 MP: 2/2
   822 | D:2      | Reached XP level 3. HP: 33/33 MP: 3/3
  1396 | D:2      | Found a faded altar of an unknown god.
  1553 | D:3      | Noticed an orc warrior
  1646 | D:3      | Reached XP level 4. HP: 40/40 MP: 4/4
  1695 | D:3      | Reached skill level 4 in Fighting
  1959 | D:4      | Noticed Edmund
  2668 | D:3      | Reached XP level 5. HP: 43/47 MP: 5/5
  3285 | D:4      | Reached XP level 6. HP: 45/53 MP: 6/6
  3851 | D:5      | Entered Level 5 of the Dungeon
  3994 | D:5      | Identified the +0 robe "Echamn" {rElec rF+ Int+3}
  4012 | D:5      | Noticed Menkaure
  4229 | D:5      | Noticed a water moccasin
  4229 | D:5      | You fall into a shaft and drop 3 floors!
  4351 | D:8      | Noticed a water moccasin
  4515 | D:5      | Reached skill level 5 in Fighting
  4728 | D:5      | Noticed an acid dragon
  4854 | D:6      | Your scales start taking on a pale cyan-grey colour.
  4854 | D:6      | Reached XP level 7. HP: 59/61 MP: 7/7
  4854 | D:6      | Gained mutation: You are immune to the effects of steam.
                  | [Pale Draconian growth]
  4971 | D:6      | Reached skill level 5 in Shields
  5418 | D:6      | Found a staircase to the Ecumenical Temple.
  5423 | D:6      | Noticed a two-headed ogre
  5571 | D:6      | Killed a two-headed ogre
  5572 | D:6      | Reached skill level 6 in Fighting
  5572 | D:6      | Reached skill level 5 in Maces & Flails
  5572 | D:6      | Reached skill level 5 in Dodging
  5572 | D:6      | Reached XP level 8. HP: 71/71 MP: 8/8
  5581 | Temple   | Entered the Ecumenical Temple
  5769 | Temple   | Became a worshipper of Ru the Awakened
  5861 | D:5      | Noticed a two-headed ogre
  7325 | D:3      | Killed Edmund
  7518 | D:5      | Reached skill level 7 in Fighting
  7594 | D:5      | Killed Menkaure
  7852 | D:5      | Found a shadowy altar of Dithmenos.
  7862 | D:5      | Reached XP level 9. HP: 79/79 MP: 9/9
  8526 | D:7      | Noticed Pikel
  8536 | D:7      | Killed Pikel
  8537 | D:7      | Reached skill level 8 in Fighting
  8687 | D:7      | Noticed Maggie
  8718 | D:7      | Killed Maggie
  8914 | D:7      | Gained mutation: You cannot study or cast Fire magic. [Ru
                  | sacrifice]
  8914 | D:7      | Gained mutation: You cannot study or cast Hexes magic. [Ru
                  | sacrifice]
  8914 | D:7      | Gained mutation: You cannot study or cast Translocations
                  | magic. [Ru sacrifice]
  8914 | D:7      | Reached * piety under Ru
  8928 | D:7      | Reached XP level 10. HP: 87/90 MP: 10/10
  9513 | D:8      | Identified the +5 falchion "Roraus" {freeze, rF+ Str+3}
 10154 | D:8      | Reached skill level 9 in Fighting
 10469 | D:9      | Found Eckagywn's Assorted Antiques.
 10477 | D:9      | Bought a scroll of identify for 56 gold pieces
 10477 | D:9      | Bought a scroll of identify for 56 gold pieces
 10512 | D:9      | Found the macabre finger necklace {rN+}
 10640 | D:9      | Found Iqusasi's Distillery.
 10669 | D:9      | Bought a potion of mutation for 96 gold pieces
 10669 | D:9      | Bought a potion of resistance for 120 gold pieces
 10688 | D:9      | Found Itaroto's Weapon Shoppe.
 10817 | D:9      | Identified the ring "Gayry" {Ice rPois Str+6}
 10981 | D:9      | Found Yninis's Magic Scroll Boutique.
 11042 | D:9      | Found a staircase to the Lair.
 11124 | D:9      | Found Bair's Assorted Antiques.
 11172 | D:10     | Entered Level 10 of the Dungeon
 11178 | D:10     | Noticed a gargoyle
 11191 | D:10     | Killed a gargoyle
 11450 | D:10     | Gained mutation: You are hated by all. [Ru sacrifice]
 11450 | D:10     | Reached ** piety under Ru
 11587 | D:10     | Noticed a two-headed ogre
 11609 | D:10     | Killed a two-headed ogre
 11610 | D:10     | Reached skill level 10 in Fighting
 11653 | D:10     | Reached XP level 11. HP: 99/99 MP: 11/11
 11671 | D:10     | Found a staircase to the Orcish Mines.
 12017 | D:10     | Found an ornate altar of the Wu Jian Council.
 12064 | D:11     | Found Voph's Antique Armour Boutique.
 12150 | D:11     | Reached skill level 1 in Evocations
 12226 | D:11     | Noticed a purple ugly thing
 12226 | D:11     | Noticed a boulder beetle
 12233 | D:11     | Noticed a boulder beetle
 12618 | D:11     | Noticed an ogre mage
 12638 | D:11     | Noticed a two-headed ogre
 12643 | D:11     | Killed an ogre mage
 12649 | D:11     | Killed a two-headed ogre
 13112 | D:11     | Noticed a five-headed hydra
 13125 | D:11     | Noticed a tengu warrior
 13162 | D:11     | Noticed a two-headed ogre
 13191 | D:10     | Killed a tengu warrior
 13577 | D:11     | Noticed a two-headed ogre
 13618 | D:10     | Slain by a freezing wraith

Illustrated notes

Levels and vault maps discovered:
D:1:      noname_arrival_rooms_in_the_neighbourhood, layout_loops_ring
D:2:      layout_loops_cross, shapermc_ecumenical_altar_mp_vishouse
D:3:      layout_basic
D:4:      layout_cave_pools, uniq_edmund
D:5:      layout_rooms, minmay_ruined_shrine, uniq_menkaure
D:6:      layout_loops_ring, minmay_temple_entry_junction_2,
          kennysheep_cross_room, kennysheep_dice
D:7:      layout_loops_ring, uniq_maggie, uniq_pikel
D:8:      layout_loops_ring, serial_aquarium, aquarium_bridge_straight
          [aquarium_subvault_bridge, aquarium_subvault_window,
          aquarium_subvault_bridge, aquarium_subvault_balcony],
          aquarium_window_2, aquarium_window_corner, aquarium_view_2b,
          aquarium_pool_S
D:9:      layout_cave_pools, grunt_lair_entry_orc_guard_hut, serial_shops,
          nicolae_stop_n_shop_1, shop_fountains, shop, nicolae_shop_statue_plus,
          kennysheep_little_box
D:10:     layout_loops_ring, mainiacjoe_overflow_alcove_4, orc_0_dummy
D:11:     minmay_the_grid_square_5x5_4x4_mashed
          [minmay_the_grid_square_5x5_empty,
          minmay_the_grid_square_5x5_doubleslash,
          minmay_the_grid_square_5x5_half_checkered,
          minmay_the_grid_square_5x5_lines, minmay_the_grid_square_5x5_moneybag,
          minmay_the_grid_square_5x5_prize_snowflake,
          minmay_the_grid_square_5x5_prize_deathbox,
          minmay_the_grid_square_5x5_shuriken,
          minmay_the_grid_square_5x5_three_walls,
          minmay_the_grid_square_5x5_prize_junk,
          minmay_the_grid_square_5x5_prize_itemx,
          minmay_the_grid_square_5x5_comb, minmay_the_grid_square_5x5_two,
          minmay_the_grid_square_5x5_eight, minmay_the_grid_square_5x5_longway,
          minmay_the_grid_square_5x5_beaten_path], layout_basic, serial_shops,
          nicolae_shop_trees
Temple:   mainiacjoe_temple_starburst

Skill      XL: |  1  2  3  4  5  6  7  8  9 10 11 |
---------------+----------------------------------+-----
Dodging        | 3 4 5 6 7 8 |  8.9
Fighting       | 4 5 6 7 8 10 | 10.6
Maces & Flails | 3 4 5 6 7 8 9 |  9.4
Shields        | 4 5 6 7 9 |  9.7
Evocations     | 3 |  3.1

Action                   |  1- 3 |  4- 6 |  7- 9 | 10-12 || total
-------------------------+-------+-------+-------+-------++-------
Melee: Flail             |   104 |   166 |    78 |   153 ||   501
       Tailslap          |     8 |    28 |    11 |    27 ||    74
Throw: Dart              |       |     1 |       |       ||     1
Invok: Sacrifice Arcana  |       |       |     1 |       ||     1
       Sacrifice Love    |       |       |       |     1 ||     1
 Abil: Breathe Steam     |       |       |    37 |    63 ||   100
  Use: Scroll            |       |     3 |       |     4 ||     7
 Stab: Sleeping          |     1 |     1 |       |       ||     2
       Distracted        |       |       |       |     1 ||     1
Armor: Skin              |    28 |    37 |    17 |    56 ||   138
Dodge: Dodged            |    65 |   112 |    44 |   135 ||   356
Block: Buckler           |    19 |    46 |    35 |    69 ||   169
       Kite shield       |       |       |       |    16 ||    16

Table legend: (Time is in decaauts)
 A = Elapsed time spent in this place.
 B = Non-inter-level travel time spent in this place.
 C = Inter-level travel time spent in this place.
 D = Time resting spent in this place.
 E = Time spent auto-exploring this place.
 F = Levels seen in this place.
 G = Mean time per level.
                   A        B        C        D        E       F      G
               +--------+--------+--------+--------+--------+-----+--------+
         Total |  13731 |  13271 |    460 |   3064 |   7297 |  12 | 1144.2 |
       Dungeon |  13487 |  13082 |    405 |   3064 |   7123 |  11 | 1226.1 |
        Temple |    243 |    188 |     55 |      0 |    174 |   1 |  243.0 |
               +--------+--------+--------+--------+--------+-----+--------+

Top non-repeatable levels by time:
     D:4: 1891 daAuts
     D:3: 1820 daAuts
    D:10: 1807 daAuts
     D:6: 1640 daAuts
     D:5: 1231 daAuts
     D:8: 1116 daAuts
     D:7: 970 daAuts
     D:2: 848 daAuts
     D:9: 828 daAuts
     D:1: 691 daAuts
    D:11: 640 daAuts
  Temple: 243 daAuts
